 Dungeon Crawl Stone Soup version 0.16.1-16-gc44b35d (webtiles) character file.

242 Trafet the Chucker (level 5, -5/38 HPs)
             Began as a Centaur Wizard on Apr 18, 2015.
             Was an Initiate of Okawaru.
             Slain by a centaur (8 damage)
             ... on level 3 of the Dungeon.
             The game lasted 00:11:11 (3437 turns).

Trafet the Chucker (Centaur Wizard)                 Turns: 3437, Time: 00:11:11

Health: -5/38      AC:  7    Str:  9    XL:     5   Next: 81%
Magic:  1/8        EV:  9    Int: 18    God:    Okawaru [......]
Gold:   151        SH:  0    Dex:  8    Spells: 3 memorised, 2 levels left

rFire  . . .     SeeInvis .     w - +3 whip
rCold  . . .     Clarity  .     a - +0 robe
rNeg   . . .     SustAb   .     (no shield)
rPois  .         Gourm    .     b - +0 hat
rElec  .         Spirit   .     (no cloak)
rCorr  .         Warding  .     (no gloves)
rMut   .         Stasis   .     (no barding)
MR     .....                    (no amulet)
Stlth  +.........               q - ring of wizardry
                                (no ring)

@: very slightly contaminated, very quick, not resistant to hostile
enchantments, very unstealthy
A: hooves 3, icy blue scales 1, yellow scales 1, deformed body, speed 2, tough
skin 3
a: Renounce Religion


You were on level 3 of the Dungeon.
You worshipped Okawaru.
Okawaru was noncommittal.
You were hungry.

You visited 1 branch of the dungeon, and saw 3 of its levels.

You collected 151 gold pieces.

Inventory:

Hand weapons
 t - a +0 spear
 w - a +3 whip (weapon)
Missiles
 e - 17 stones (quivered)
 h - 21 poisoned needles
 l - 25 sling bullets
Armour
 a - a +0 robe (worn)
 b - a +0 hat (worn)
 x - a +0 leather armour
Jewellery
 i - an uncursed ring of fire
 n - a cursed ring of teleportation {unknown}
 q - a ring of wizardry (right hand)
 v - an uncursed amulet of resist mutation {unknown}
Scrolls
 f - 9 scrolls of identify {unknown}
 j - 3 scrolls of remove curse {unknown}
 m - a scroll of enchant armour {unknown}
 o - a scroll of amnesia {unknown}
Potions
 s - a potion of restore abilities {unknown}
Books
 c - a book of Minor Magic

   Spells                             Type                      Level
   a - Magic Dart                     Conjuration                  1
   b - Blink                          Translocation                2
   c - Call Imp                       Summoning                    2
   d - Repel Missiles                 Charms/Air                   2
   e - Slow                           Hexes                        2
   f - Conjure Flame                  Conjuration/Fire             3
   g - Mephitic Cloud                 Conjuration/Poison/Air       3
Comestibles
 d - 2 bread rations
 k - a beef jerky
 u - 3 chunks of flesh


   Skills:
 - Level 0.2 Fighting
 + Level 5.3 Throwing
 - Level 1.4 Dodging
 - Level 1.2 Stealth
 - Level 2.4 Spellcasting
 + Level 3.4 Conjurations
   Level 0.8 Summonings
 - Level 0.8 Translocations


You had 2 spell levels left.
You knew the following spells:

 Your Spells              Type           Power        Failure   Level  Hunger
a - Magic Dart            Conj           ##..         1%          1    #......
b - Blink                 Tloc           N/A          9%          2    ##.....
c - Mephitic Cloud        Conj/Pois/Air  #.......     14%         3    ###....


Dungeon Overview and Level Annotations

Branches:
Dungeon (3/15)

Altars:
Okawaru


Innate Abilities, Weirdness & Mutations

You have hooves in place of feet.
Armour fits poorly on your strangely shaped body.
You cover ground very quickly.
You have extremely tough skin (AC +3).
You are partially covered in icy blue scales (AC +1).
You are partially covered in yellow scales (AC +2).


Message History

Icy blue scales grow over part of your body.
You feel more energetic.
The centaur hits you but does no damage.
The centaur misses you.
Drink which item? (? for menu, Esc to quit)
It was a potion of curing.
You feel better. The centaur hits you.
You closely miss the centaur.
The centaur is severely wounded.
The centaur hits you.
* * * LOW HITPOINT WARNING * * *
The centaur hits you!
* * * LOW HITPOINT WARNING * * *
You are too injured to fight recklessly!
You are too injured to fight recklessly!
Unknown command.
Drink which item? (? for menu, Esc to quit)
It was a potion of beneficial mutation.
Yellow scales grow over part of your body.
You feel fantastic! The centaur hits you!
You die...

#..#.##.# ## #....##.#
.##### #.#..##.# .'...#
#.#..##.# .###.#
#.##.##.# .# #.#
#.##..#.# .#
#.###.##..#.# . .#
#.##......#.######.....
##
#.###..(....(@co.......
#.# #.##.#..#####.#....
#.###รท##.#.>..#
####........####.#
.....##..........#
...........#####.#
.)...##......# #.#
##...##..#.#.# #.#
.....##..#.#.# #.#


You could see a centaur and an orc.

Vanquished Creatures
  The ghost of raikaria the Cutter, an average HEWr (D:3)
  A hound skeleton (D:3)
  4 adders
  A gnoll (D:1)
  3 worms (D:2)
  3 giant geckos (D:2)
  4 orcs (D:3)
  6 giant cockroaches
  9 hobgoblins
  6 kobolds
  A ball python (D:3)
  8 bats
  2 giant newts
  19 goblins
  4 jackals (D:2)
  3 quokkas
  7 rats
82 creatures vanquished.

Vanquished Creatures (others)
  An orc wizard (D:3)
1 creature vanquished.

Grand Total: 83 creatures vanquished

Notes
Turn   | Place    | Note
--------------------------------------------------------------
     0 | D:1      | Trafet, the Centaur Wizard, began the quest for the Orb.
     0 | D:1      | Reached XP level 1. HP: 14/14 MP: 3/3
   190 | D:1      | Reached skill level 1 in Conjurations
   365 | D:1      | Reached skill level 1 in Throwing
   409 | D:1      | Reached XP level 2. HP: 20/20 MP: 1/5
   785 | D:1      | Reached XP level 3. HP: 23/26 MP: 6/6
  1141 | D:2      | Found an iron altar of Okawaru.
  1168 | D:2      | Became a worshipper of Warmaster Okawaru
  1173 | D:2      | Learned a level 2 spell: Blink
  1177 | D:2      | Learned a level 3 spell: Mephitic Cloud
  1230 | D:2      | Reached skill level 3 in Throwing
  1997 | D:2      | Reached XP level 4. HP: 21/33 MP: 0/7
  2984 | D:3      | Reached skill level 4 in Throwing
  3144 | D:3      | Reached XP level 5. HP: 31/38 MP: 5/8
  3189 | D:3      | Noticed raikaria's ghost (average HEWr)
  3288 | D:3      | Killed raikaria's ghost
  3288 | D:3      | Reached skill level 5 in Throwing
  3408 | D:3      | Noticed a centaur
  3434 | D:3      | Gained mutation: Your magical capacity is low (-10% MP). [potion of mutation]
  3434 | D:3      | Gained mutation: You are partially covered in icy blue scales (AC +1). [potion of mutation]
  3434 | D:3      | Lost mutation: Your magical capacity is low (-10% MP). [potion of mutation]
  3437 | D:3      | Gained mutation: You are partially covered in yellow scales (AC +2). [potion of beneficial mutation]
  3437 | D:3      | Slain by a centaur

Action                   |  1- 3 |  4- 6 || total
-------------------------+-------+-------++-------
Melee: Unarmed           |    41 |       ||    41
       Whip              |    40 |    28 ||    68
       Spear             |    83 |    76 ||   159
Throw: Stone             |    29 |    30 ||    59
 Cast: Magic Dart        |    51 |    29 ||    80
       Mephitic Cloud    |     2 |     6 ||     8
  Use: Potion            |       |     3 ||     3
 Stab: Confused          |       |     1 ||     1
  Eat: Chunk             |     3 |     5 ||     8
